[Event "31st Kavala Open-A 2022"]
[Site "Kavala"]
[Date "2022.07.27"]
[Round "2.5"]
[White "Spyratos, Nikolaos"]
[Black "Karthik Venkataraman"]
[Result "0-1"]
[ECO "A48"]
[WhiteElo "2268"]
[BlackElo "2483"]
[Annotator "TA"]
[PlyCount "116"]
[EventDate "2022.07.27"]
[EventType "swiss"]
[EventCountry "GRE"]
[SourceTitle "playchess.com"]
[Source "ChessBase"]
[SourceQuality "1"]
[TimeControl "40/5400+30:1800+30"]

1. d4 Nf6 2. Nf3 g6 3. Bg5 Bg7 4. Nbd2 O-O 5. c3 d6 6. e4 c5 7. dxc5 dxc5 8. Be2 Nc6 9. O-O Qc7 10. Qc2 b6 11. a4 Bb7 12. Nc4 h6 {[%emt 0:06:35] A48: 1 d4 Nf6 2 Nf3 g6: Torre, London and Colle Systems.} 13. Bh4 Nh5 {[%emt 0:00:08] [#]} 14. Rfd1 $146 ({Predecessor:} 14. Rfe1 Rfd8 15. a5 Nxa5 16. Nxa5 bxa5 17. Bc4 Bc6 18. Qb3 Be8 19. Rad1 a4 20. Qa2 Rxd1 21. Rxd1 {0-1 (58) Mufic,G (2263)-Mrdja,M (2347) Sibenik 2012}) 14... a6 (14... Nf4 $11) 15. Ne3 (15. Qb3 $1 $16) 15... e6 $11 16. Nd2 Nf4 17. Bf1 g5 18. Bg3 Ne7 19. f3 h5 20. Ndc4 Bc6 21. Qb3 b5 22. axb5 axb5 23. Rxa8 Rxa8 24. Na3 (24. Nd6 $11) 24... b4 $36 {[%emt 0:05:48][%mdl 2048] Black has strong initiative.} ({But not} 24... h4 $6 25. Be1 $15) 25. Nac2 bxc3 {[%emt 0:06:58] Black is more active.} 26. bxc3 Qe5 ({Black should try} 26... Neg6 $17) 27. Be1 (27. Qb6 $11 {remains equal.}) 27... g4 28. g3 {[%emt 0:06:25] [#]} Nfg6 29. f4 Qxe4 30. Bg2 {[%emt 0:00:06] Prevents Qh1+.} Qa4 31. Qxa4 Rxa4 32. Rd8+ Kh7 33. Bxc6 Nxc6 34. Rd7 Nge7 35. Kg2 Ra2 36. Kf1 Kg6 37. Rc7 Bf6 38. Bd2 Bg7 $2 ({Black should play} 38... e5 $17 {And now ...exf4 would win.} 39. Ke2 exf4 40. gxf4 Bh4) 39. Ke2 (39. Be1 $1 $11) 39... f5 40. Kd1 Bf6 41. Nc4 Ra6 42. N4e3 {[%emt 0:05:46] [#]} (42. N2e3 $17 {was necessary.}) 42... h4 $1 $19 43. gxh4 Bxh4 44. Ke2 Bf6 45. Rb7 Ra4 46. Rb5 $2 (46. Ne1 {might work better.}) 46... Rxf4 47. Rxc5 Rf3 48. Nb4 $2 (48. Be1) 48... Nxb4 ({Don't blunder} 48... Ne5 $2 49. Ng2 $19) 49. cxb4 Bd4 50. Rc1 (50. Nxg4 {was forced.} fxg4 51. Rg5+ Kf6 52. Rxg4 Rf2+ 53. Ke1) 50... Bxe3 {[%emt 0:00:50] Black is clearly winning.} 51. Bxe3 {[%emt 0:00:02][%mdl 4096] Endgame KRB-KRN} Nd5 52. Bd2 Rb3 {[%emt 0:03:22] Against Rb1} 53. Rc4 Rh3 54. b5 Rxh2+ 55. Kd3 Rh3+ 56. Kd4 Rb3 {[%emt 0:00:19] Strongly threatening ...g3.} 57. Kc5 g3 58. Rc1 f4 {[%emt 0:01:02] Weighted Error Value: White=0.55/Black=0.20 (precise)} 0-1

[Event "31st Kavala Open-A 2022"]
[Site "Kavala"]
[Date "2022.07.27"]
[Round "2.6"]
[White "Markidis, Konstantinos"]
[Black "Vrolijk, Liam"]
[Result "1/2-1/2"]
[ECO "C88"]
[WhiteElo "2259"]
[BlackElo "2464"]
[Annotator "TA"]
[PlyCount "72"]
[EventDate "2022.07.27"]
[EventType "swiss"]
[EventCountry "GRE"]
[SourceTitle "playchess.com"]
[Source "ChessBase"]
[SourceQuality "1"]
[TimeControl "40/5400+30:1800+30"]

1. e4 e5 2. Nf3 Nc6 3. Bb5 a6 4. Ba4 Nf6 5. O-O Be7 6. Re1 b5 7. Bb3 O-O 8. a4 Bb7 9. d3 d6 10. Nc3 b4 11. Nd5 Bc8 {[%emt 0:16:58] [#] C88: Closed Ruy Lopez: Anti-Marshall Systems.} 12. a5 $146 ({Predecessor:} 12. c3 bxc3 13. bxc3 Rb8 14. Re2 Bg4 15. Nxf6+ Bxf6 16. Rb2 Na5 17. Bc2 Rxb2 18. Bxb2 Qe8 19. h3 {1-0 (40) Fischer-Weiss DDR 1989}) 12... Be6 13. Bd2 Rb8 {[%emt 0:01:17] White is better.} 14. Bc4 (14. Nxe7+ $6 Qxe7 15. Bxe6 fxe6 $11) 14... Bxd5 (14... Re8 $16 {is a better defense.}) 15. exd5 $18 Na7 16. Bxa6 Nxd5 17. d4 $1 exd4 18. Bc4 {[%emt 0:00:40] This bishop pair is nice.} (18. Nxd4 Bf6 19. Qg4 Ne7 $16) 18... Nf6 19. Nxd4 {[%emt 0:00:25] Black must now prevent Nf5.} g6 {[%emt 0:03:16] Prevents Nf5.} (19... d5 $16 {was necessary.}) 20. Qe2 ({Much less strong is} 20. Bh6 $6 Re8 21. Bb3 Bf8) 20... Re8 {[%emt 0:00:50] [#]} 21. Nb5 $2 ({White should try} 21. Bxf7+ $1 $18 Kxf7 22. Qe6+ Kg7 {[#]} 23. Bh6+ $1 Kh8 24. Qf7) 21... Bf8 22. Qd3 {[%emt 0:01:59] White is much more active.} Rxe1+ 23. Bxe1 Nxb5 24. Bxb5 {[%emt 0:00:06] a6 is the strong threat.} d5 25. c3 (25. a6 $14 Bc5 26. Qe2 (26. a7 Ra8 $11)) 25... bxc3 $1 $11 {[%emt 0:03:57] The position is equal.} ({But not} 25... Qd6 26. cxb4 Ng4 27. g3 $16) 26. bxc3 Bc5 27. c4 Qd6 28. h3 Ne4 29. Rd1 c6 30. cxd5 Nxf2 (30... Rxb5 $2 31. Qxe4 Rb8 32. a6 $18) 31. Bxf2 Bxf2+ 32. Kxf2 Rxb5 33. dxc6 Qxc6 {[%emt 0:00:48] KQR-KQR} 34. Qd8+ Kg7 35. Qd4+ Kg8 36. Qd8+ Kg7 {[%emt 0:00:06] Black defended with fortune.  Weighted Error Value: White=0.15 (very precise) /Black=0.11 (very precise)} 1/2-1/2

[Event "31st Kavala Open-A 2022"]
[Site "Kavala"]
[Date "2022.07.27"]
[Round "2.7"]
[White "Ortega Lopez, Mikel"]
[Black "Can, Isik"]
[Result "1/2-1/2"]
[ECO "C60"]
[WhiteElo "2249"]
[BlackElo "2445"]
[Annotator "TA"]
[PlyCount "36"]
[EventDate "2022.07.27"]
[EventType "swiss"]
[EventCountry "GRE"]
[SourceTitle "playchess.com"]
[Source "ChessBase"]
[SourceQuality "1"]
[TimeControl "40/5400+30:1800+30"]

1. e4 e5 2. Nf3 Nc6 3. Bb5 a6 4. Ba4 Nge7 5. O-O g6 6. d4 {[%emt 0:00:57] C60: Ruy Lopez: Unusual Black 3rd moves and 3...g6.} exd4 7. Bxc6 Nxc6 8. Bg5 {[%emt 0:01:57] The position is equal.} f6 9. Bh4 Bg7 ({Black should play} 9... h5 $1 $11 10. Bg3 Bc5) 10. Nxd4 $14 O-O 11. Nc3 d6 {[%emt 0:06:41] [#]} 12. f4 $146 ({Predecessor:} 12. Nce2 Qe8 13. f3 Bd7 14. Bf2 Ne5 15. c3 Qf7 16. b3 Rad8 17. Qd2 b5 18. Rad1 {½-½ (38) Ascic,P (2275)-Trbojevic,M (2417) Bosnjaci 2015}) 12... Qe8 13. f5 Bd7 14. Qd2 Rc8 15. Rae1 Nxd4 16. Qxd4 Qe5 17. Qd3 Kh8 (17... gxf5 $11 18. Nd5 Kh8) 18. b3 gxf5 {[%emt 0:01:48] Weighted Error Value: White=0.13 (very precise) /Black=0.19 (very precise)} 1/2-1/2

[Event "31st Kavala Open-A 2022"]
[Site "Kavala"]
[Date "2022.07.27"]
[Round "2.8"]
[White "Kilic, Eray"]
[Black "Sandalakis, Nikolaos"]
[Result "1-0"]
[ECO "C88"]
[WhiteElo "2422"]
[BlackElo "2213"]
[Annotator "TA"]
[PlyCount "85"]
[EventDate "2022.07.27"]
[EventType "swiss"]
[EventCountry "GRE"]
[SourceTitle "playchess.com"]
[Source "ChessBase"]
[SourceQuality "1"]
[TimeControl "40/5400+30:1800+30"]

1. e4 e5 2. Nf3 Nc6 3. Bb5 a6 4. Ba4 Nf6 5. O-O Be7 6. Re1 b5 7. Bb3 O-O 8. a4 b4 9. a5 d6 10. d3 Be6 11. Nbd2 Rb8 {[%emt 0:03:15] Recently 11...Bxb3 got a lot of attention.} 12. Nc4 {[%emt 0:03:02] C88: Closed Ruy Lopez: Anti-Marshall Systems.} Nd7 13. Be3 Bf6 14. Ncd2 {[%emt 0:21:42] [#] The position is equal.} Nd4 $146 ({Predecessor:} 14... Bxb3 15. Nxb3 Qe7 16. c3 bxc3 17. bxc3 Rb5 {½-½ (17) Boukal,P (2435)-Straka,Z (2395) ICCF email 2004}) 15. Bxd4 exd4 16. Bc4 c5 17. Bxa6 Ra8 18. Bb5 Rxa5 19. Bxd7 Rxa1 20. Qxa1 {[%emt 0:00:32] Bxe6 is the strong threat.} Qxd7 21. Qa6 {[%emt 0:00:33] Inhibits Qb7.} h6 22. Ra1 g5 23. Nc4 g4 {[%emt 0:00:18] Hoping for ...Bxc4.} 24. Nfd2 Bg5 25. Nb3 Bf4 (25... Rd8 $11) 26. g3 $14 Bxc4 27. Qxc4 Be5 28. Nd2 Qe6 (28... Qb7 $14) 29. Qxe6 $16 fxe6 {[%emt 0:00:03][%mdl 4096] Endgame KRB-KRN} 30. Nc4 ({White should try} 30. Ra6 $16) 30... Kf7 (30... b3 $1 $14) 31. b3 Kf6 32. Ra6 Rd8 33. Kg2 h5 34. h3 Rd7 35. Ra8 Rh7 (35... Kg7 $16 36. Nxe5 dxe5) 36. hxg4 $18 hxg4 37. Rf8+ Ke7 {[%emt 0:03:11] [#]} 38. Rc8 (38. Rb8 $1 $18 {[%cal Rb8b7] and the rest is easy.} Rh5 39. Rg8) 38... Kf6 $2 {[%emt 0:04:47] [#] A mistake that costs the game.} (38... Rh8 $16 39. Rc6 Rh5) 39. Rg8 $1 d5 (39... Rd7 {might work better.} 40. Rxg4 Kf7 41. Nxe5+ dxe5) 40. exd5 exd5 41. Nxe5 {[%emt 0:02:31] White has a decisive advantage.} Kxe5 42. Rxg4 Ra7 43. Rg5+ {[%emt 0:00:14] Weighted Error Value: White=0.12 (very precise) /Black=0.31} 1-0

[Event "31st Kavala Open-A 2022"]
[Site "Kavala"]
[Date "2022.07.27"]
[Round "2.9"]
[White "Kanakaris, Georgios"]
[Black "Maksimovic, Branimir"]
[Result "1-0"]
[ECO "A49"]
[WhiteElo "2389"]
[BlackElo "2203"]
[Annotator "TA"]
[PlyCount "121"]
[EventDate "2022.07.27"]
[EventType "swiss"]
[EventCountry "GRE"]
[SourceTitle "playchess.com"]
[Source "ChessBase"]
[SourceQuality "1"]
[TimeControl "40/5400+30:1800+30"]

1. Nf3 Nf6 2. d4 g6 3. g3 Bg7 4. Bg2 c5 5. O-O cxd4 6. Nxd4 h5 {[%emt 0:00:07] A49: 1 d4 Nf6 2 Nf3 g6 3 g3: Anti-King's Indian systems.} 7. h4 Nc6 8. c4 Ng4 {[%emt 0:12:29] The position is equal.} 9. Nf3 {[%emt 0:06:46] [#]} (9. e3 $142) 9... d6 $146 ({Predecessor:} 9... b6 10. Na3 Bb7 11. Rb1 O-O 12. b3 d5 13. Bb2 dxc4 14. Nxc4 b5 15. Bxg7 Kxg7 {0-1 (35) Lodhi,M (2391)-Bologan,V (2690) Khanty-Mansiysk 2010}) 10. Nc3 Bxc3 11. bxc3 Bd7 12. c5 dxc5 13. Qd5 Be6 (13... Rc8 $11) 14. Qxc5 $14 Qa5 15. Qxa5 Nxa5 16. Nd4 Bc4 17. Ba3 (17. Rb1 $16) 17... Rc8 $1 18. Bb4 {[%emt 0:08:44] A strong pair of Bishops.} Nc6 (18... b6 $1 $14) 19. Nxc6 $16 bxc6 20. Bc5 Rc7 21. Rfb1 O-O 22. Rb2 Rd8 23. f3 Nh6 24. Bh3 Rd5 25. Bf2 Rb5 26. Rxb5 cxb5 27. e4 f6 28. a4 a6 29. axb5 axb5 30. Ra7 Rxa7 31. Bxa7 $11 {[%emt 0:00:05][%mdl 4096] Endgame KBB-KBN} Nf7 32. Bc5 Kf8 33. Kf2 Ke8 34. Ke3 e6 35. f4 f5 36. exf5 exf5 37. Kd4 {[%emt 0:00:17] [#] Bg2 is the strong threat.} Kd7 (37... Nh6 $1 $11 {remains equal.}) 38. Bg2 $16 {[%emt 0:00:07] Strongly threatening Bd5.} Ke6 {[%emt 0:03:06] Prevents Bd5+.} (38... Nd6 $16) 39. Bf8 $2 (39. Bc6 $18) 39... Nd8 $2 {[%emt 0:00:14][%mdl 8192] This costs Black the game.} (39... Nd6 $11 {and Black has nothing to worry.}) 40. Kc5 $18 Kd7 {[%emt 0:00:00] [#] Hoping for ...Ne6+.} 41. Kb6 Bd3 42. Bg7 Nf7 $2 (42... Ke7 43. Bd4 Kd7) 43. Bc6+ Ke7 44. Kc7 ({Less strong is} 44. Bxb5 Bxb5 45. Kxb5 Kd7 $18) 44... Bc4 $2 (44... Ke6 45. Bf8 Bf1) 45. Bd7 {[%emt 0:03:37] White is clearly winning.} Bd3 46. Bd4 Be2 47. Bc5+ Kf6 48. Bf8 {[%emt 0:00:31] Inhibits Nh6.} Bd3 49. Kb6 Nd8 50. Bxb5 Bxb5 51. Kxb5 {[%emt 0:00:06] KB-KN} Ke6 52. c4 {[%emt 0:00:32] Black must now prevent Kc5.} Kd7 53. Bg7 Nc6 54. Kc5 Nd8 {[%emt 0:10:18] Threatens to win with ...Ne6+.} 55. Kd5 Ne6 56. Bc3 Nd8 57. Ke5 Nf7+ 58. Kf6 Nd6 59. Kxg6 Ke6 60. Kxh5 Nxc4 61. Kg6 {[%emt 0:00:32] Weighted Error Value: White=0.14 (very precise) /Black=0.46} 1-0

[Event "31st Kavala Open-A 2022"]
[Site "Kavala"]
[Date "2022.07.27"]
[Round "2.10"]
[White "Michalicka, Milan"]
[Black "Maltsevskaya, Aleksandra"]
[Result "1/2-1/2"]
[ECO "E99"]
[WhiteElo "2216"]
[BlackElo "2378"]
[Annotator "TA"]
[PlyCount "76"]
[EventDate "2022.07.27"]
[EventType "swiss"]
[EventCountry "GRE"]
[SourceTitle "playchess.com"]
[Source "ChessBase"]
[SourceQuality "1"]
[TimeControl "40/5400+30:1800+30"]

1. d4 Nf6 2. c4 g6 3. Nc3 Bg7 4. e4 d6 5. Nf3 O-O 6. Be2 e5 7. O-O Nc6 8. d5 Ne7 9. Ne1 Ne8 10. Nd3 f5 11. Bd2 Nf6 12. f3 f4 13. c5 g5 14. Rc1 Ng6 15. cxd6 cxd6 16. Nb5 Rf7 17. Qc2 Ne8 18. a4 h5 19. Nf2 g4 {[%emt 0:04:13] E99: King's Indian: Classical Main Line: 9 Ne1 Nd7 10 f3 f5.} (19... Bf8 $14) 20. fxg4 $16 {[%emt 0:02:32] [#]} hxg4 $146 ({Predecessor:} 20... Nh4 21. Qd1 hxg4 22. Bxg4 Qg5 23. Rxc8 Rxc8 24. g3 Rc4 25. gxh4 Qxh4 26. Be6 {1-0 (26) Elmali,N (1882)-Van Orsouw,N (1806) Kranenburg 2005}) 21. Nxg4 a6 {[%emt 0:00:33] White is better.} 22. Na3 {[%emt 0:10:08] 0x0.001686a106dadp-1022s more active pieces.} Qg5 23. h3 (23. Qd1 $16) 23... Nf6 $1 $14 24. Nxf6+ Bxf6 25. g4 ({White should play} 25. Qb3 $14) 25... Qh4 (25... Bd8 $11) 26. Qd3 (26. Qb3 $14) 26... Bg5 $11 {[%emt 0:03:36][%cal Of4f3] [#] ...f3! is the strong threat.} 27. Qf3 Qh6 $1 {[%emt 0:01:53] White must now prevent ...Nh4.} 28. Nc4 $36 {[%emt 0:06:47][%cal Ba3c4,Bc4d6,Bd6c8][%mdl 2080] White has the initiative.} Nh4 29. Qf2 {[%emt 0:00:19] Threatens to win with Nb6.} f3 (29... Bd7 $11) 30. Bxg5 $16 Qxg5 31. Nxd6 {[%emt 0:00:16] Dancing on a razor blade.} Rf4 32. Nxc8 ({Don't do} 32. Rxc8+ Rxc8 33. Nxc8 fxe2 34. Qxe2 Rxf1+ 35. Qxf1 Qe3+ 36. Kh2 (36. Qf2 Qc1+ 37. Kh2 Qxc8 $14) 36... Nf3+ 37. Kh1 Qxe4 $16) 32... fxe2 33. Qxe2 Rxf1+ 34. Qxf1 Qe3+ 35. Kh2 Nf3+ 36. Kg2 {[%emt 0:05:46] Strongly threatening Ne7+.} Nh4+ $1 37. Kh2 Nf3+ 38. Kg2 $2 ({Only move:} 38. Kh1 $18 Qd2 39. Ne7+ Kg7 {[#]} 40. Rc2 $3 (40. Qxf3 Qxc1+ 41. Kh2 b5 $16) (40. Nf5+ Kf8 $16) 40... Qxc2 41. Qxf3) 38... Nh4+ $1 {[%emt 0:01:06] Weighted Error Value: White=0.46/Black=0.23 (precise)} 1/2-1/2

[Event "31st Kavala Open-A 2022"]
[Site "Kavala"]
[Date "2022.07.27"]
[Round "2.11"]
[White "Trimitzios, Petros"]
[Black "Rahmanidis, Petros"]
[Result "0-1"]
[ECO "E04"]
[WhiteElo "2369"]
[BlackElo "2191"]
[Annotator "TA"]
[PlyCount "94"]
[EventDate "2022.07.27"]
[EventType "swiss"]
[EventCountry "GRE"]
[SourceTitle "playchess.com"]
[Source "ChessBase"]
[SourceQuality "1"]
[TimeControl "40/5400+30:1800+30"]

1. d4 d5 2. Nf3 e6 3. g3 c5 4. c3 Nf6 5. Bg2 Nc6 6. O-O Be7 7. c4 dxc4 8. dxc5 Qxd1 9. Rxd1 Bxc5 10. Nbd2 c3 11. bxc3 Bd7 {[%emt 0:01:31] 11...Be7 is a critical line. E04: Open Catalan: 5 Nf3.} 12. Nb3 Be7 13. Nfd4 a6 {[%emt 0:04:20] [#] The position is equal.} 14. Be3 $146 ({Predecessor:} 14. Nxc6 Bxc6 15. Bxc6+ bxc6 16. c4 O-O 17. Bf4 a5 18. Bd6 Bxd6 19. Rxd6 Rfc8 20. Nc5 Rab8 21. Rad1 {½-½ (48) Stella,A (2444)-Easwaralingam,A (2069) Terme Catez 2022}) 14... Rc8 15. Rac1 Ba3 16. Rc2 Nxd4 (16... b5 $11 {remains equal.}) 17. Rxd4 (17. Bxd4 $16 Bb5 18. Bxb7) 17... Bc6 (17... e5 $11 18. Rd1 Bf5) 18. Bxc6+ $14 Rxc6 19. Na5 $1 Rc7 20. Bf4 Re7 {[%emt 0:00:09] [#]} ({Black should play} 20... Rd7 $1 $14) 21. Ra4 $1 $16 Bc5 {[%emt 0:03:25] [#] aiming for ...b5.} 22. Nb3 (22. Rc4 $1 $16 b6 23. Nb3) 22... Ba7 $14 23. c4 e5 24. Bc1 Rc7 $1 25. Ra5 Nd7 26. Ba3 f6 $1 27. Nd2 Bc5 28. Ne4 Bxa3 29. Rxa3 Ke7 30. Nc3 {[%emt 0:00:26] Hoping for Nd5+.} Rc6 (30... Nb6 $2 31. Rb3 Nd7 32. Nd5+ Kd6 33. Nxc7 Kxc7 34. Rb1 $18) 31. Nd5+ Kf7 32. Rb2 Nc5 33. Ra5 Rhc8 34. f3 f5 35. Nb4 (35. Kg2 $11) 35... Rb6 $15 36. a3 Ke6 37. Nd3 $2 (37. h4 $15) 37... Rxb2 $19 {[%emt 0:00:14] Black is clearly winning.} 38. Nxb2 b6 39. Rxc5 Rxc5 {[%emt 0:00:19][%mdl 4096] Endgame KR-KN} 40. a4 Rc8 41. Kf2 Kd6 42. Ke3 Kc5 43. g4 fxg4 44. fxg4 Kb4 {[%emt 0:00:18] Threatens to win with ...Kb3.} 45. Nd3+ Kxa4 46. Nxe5 Kb3 47. Kf4 a5 {[%emt 0:00:39] Quite a comeback for Black.  Weighted Error Value: White=0.69/Black=0.12 (very precise)} 0-1

[Event "31st Kavala Open-A 2022"]
[Site "Kavala"]
[Date "2022.07.27"]
[Round "2.12"]
[White "Triantos, Konstantinos"]
[Black "Celik, Hasan Huseyin"]
[Result "0-1"]
[ECO "C07"]
[WhiteElo "2210"]
[BlackElo "2363"]
[Annotator "TA"]
[PlyCount "168"]
[EventDate "2022.07.27"]
[EventType "swiss"]
[EventCountry "GRE"]
[SourceTitle "playchess.com"]
[Source "ChessBase"]
[SourceQuality "1"]
[TimeControl "40/5400+30:1800+30"]

1. e4 e6 2. d4 d5 3. Nd2 c5 4. Ngf3 cxd4 5. Nxd4 Nc6 6. Bb5 Bd7 7. Nxc6 bxc6 8. Bd3 Bd6 9. O-O Qc7 10. Nf3 {[%emt 0:02:27] C07: French Tarrasch: 3...c5, 4 Ngf3 and 4 exd5 Qxd5.} e5 {[%emt 0:00:08] [#]} 11. exd5 $146 ({Predecessor:} 11. Nd2 Nf6 12. b3 Bb4 13. Bb2 O-O 14. c3 Bd6 15. c4 d4 16. Nf3 a5 17. Bc1 Bg4 {½-½ (43) Pruijssers,R (2506)-Godart,F (2431) Belgium 2018}) 11... cxd5 12. Qe2 {[%emt 0:01:11][%cal Of3e5] And now Nxe5! would win. Black is slightly better.} Ne7 {[%emt 0:13:13] Hoping for ...e4.} 13. Bb5 Bxb5 14. Qxb5+ Qd7 15. Qxd7+ Kxd7 16. Re1 f6 17. c3 Rab8 18. Re2 Rhc8 19. Ne1 a5 20. Nd3 (20. Be3 $17) 20... g5 (20... a4 $1 $19 21. a3 Rb3) 21. f3 h6 22. Bd2 Ng6 23. Rd1 Ke6 24. Be3 Rc4 25. g3 Rb5 26. Rf1 f5 (26... Kf7 $17) 27. f4 (27. Bd4 $1 $11 {remains equal.}) 27... e4 28. Bd4 (28. Ne1 $17) 28... Rc8 29. Kh1 Rg8 ({Black should play} 29... Kd7 $19 30. Ne1 (30. Ne5+ $2 Bxe5 31. fxe5 Ke6 $19) 30... gxf4 31. gxf4 Nxf4) 30. Ne1 (30. b3 $17) 30... Rb7 $2 (30... gxf4 $19 {is more deadly.} 31. gxf4 Nxf4) 31. Be3 ({White should try} 31. fxg5 hxg5 32. c4 dxc4 33. Nc2) 31... gxf4 $17 32. gxf4 Rgb8 {[%emt 0:01:23] Black is more active.} 33. Rff2 {[%emt 0:02:14] [#]} (33. Bc1 $17) 33... d4 $1 $19 34. cxd4 {[%emt 0:00:30] [#]} Ne7 $1 35. Rg2 Kf7 36. b3 Nd5 37. Rgf2 a4 38. bxa4 Rb1 {[%emt 0:00:14] Threatens to win with ...Nc3.} 39. Kg2 (39. Rf1 $142) 39... Ra8 40. Nc2 (40. Rf1 $142) 40... Rxa4 41. a3 Bxa3 42. Rf1 Rxf1 43. Kxf1 Bd6 44. Bd2 Ke6 45. Rf2 Ra2 46. Bc1 Ra8 47. Bd2 Rb8 48. Ke2 Rb2 49. Kd1 Rb3 {[%emt 0:01:30] ...e3 is the strong threat.} 50. Ke2 Rd3 ({Don't go for} 50... Rb2 $2 51. Kd1 $19) 51. Rf1 Rh3 52. Rf2 Rh4 53. Ne3 Nxf4+ 54. Kf1 Rh5 55. Nc4 Nd3 56. Rg2 Bf4 57. Nb2 $2 (57. Bxf4 Nxf4 58. Ra2) 57... Nxb2 58. Bxf4 {[%emt 0:00:18][%mdl 4096] Endgame KRB-KRN} Nd3 59. Bd2 Kd5 {[%emt 0:01:24] aiming for ...f4.} 60. Be3 f4 61. Bg1 Rg5 (61... e3 $142 62. h3 f3) 62. Ra2 e3 {[%emt 0:00:38] Black mates.} 63. h4 Rg4 64. h5 Ke4 65. d5 Kxd5 66. Ra5+ Ke4 67. Ra4+ Kf3 68. Bxe3 fxe3 {[%emt 0:00:24][%csl Gf3][%cal Re3e2] KRN-KR} 69. Ra2 e2+ 70. Rxe2 Rg1+ 71. Kxg1 Kxe2 {[%emt 0:00:02] KN-KP} 72. Kg2 Ke3 73. Kg3 Ke4 74. Kg4 Nf4 75. Kg3 Nxh5+ 76. Kg4 Nf6+ 77. Kg3 Kf5 78. Kh4 h5 79. Kg3 Kg5 80. Kh3 h4 81. Kg2 Kg4 82. Kh2 h3 83. Kh1 Kg3 84. Kg1 Ne4 {[%emt 0:00:04] Weighted Error Value: White=0.67/Black=0.26 (precise)} 0-1

[Event "31st Kavala Open-A 2022"]
[Site "Kavala"]
[Date "2022.07.27"]
[Round "2.13"]
[White "Levin, Guy"]
[Black "Skaperdas, Kostantinos"]
[Result "1-0"]
[ECO "A13"]
[WhiteElo "2363"]
[BlackElo "2177"]
[Annotator "TA"]
[PlyCount "125"]
[EventDate "2022.07.27"]
[EventType "swiss"]
[EventCountry "GRE"]
[SourceTitle "playchess.com"]
[Source "ChessBase"]
[SourceQuality "1"]
[TimeControl "40/5400+30:1800+30"]

1. c4 e6 2. Nf3 d5 3. g3 d4 4. d3 Nc6 5. Bg2 {[%emt 0:00:05] [#]} Bb4+ $146 ({Predecessor:} 5... g6 6. O-O Bg7 7. Qa4 a6 8. Nbd2 Nge7 9. b4 O-O 10. Bb2 Qd7 11. Qb3 b6 {½-½ (35) Truyens,A (2387)-Roberts,A (2358) LSS email 2017}) 6. Nbd2 {[%emt 0:00:23] A13: English Opening: 1...e6.} a5 7. a3 Bc5 8. Rb1 {[%emt 0:02:09] White has an edge.} f5 9. O-O Nf6 {[%emt 0:02:22] [#]} 10. b4 $1 ({Much worse is} 10. Nb3 Be7 $11) 10... axb4 11. Nb3 (11. axb4 {with more complications.} Nxb4 12. Bb2 Bb6 13. Bxd4 Bxd4 14. Nxd4 Na2 15. Nc6) 11... Qd6 ({Better is} 11... Be7 $14) 12. Nxc5 Qxc5 13. axb4 Nxb4 {[%emt 0:06:14] [#]} 14. Nxd4 $1 Qxd4 15. Rxb4 c6 16. Bb2 Qd6 17. Ra4 Rxa4 18. Qxa4 O-O (18... Kf7 $16 19. Qa5 Re8) 19. Qa5 ({White should try} 19. Ba3 $18 c5 20. Rb1) 19... c5 (19... Re8 $16) 20. Bxf6 Rxf6 21. Qa8 Qc7 22. Rb1 Rf8 23. Bxb7 Bd7 24. Qa1 Rb8 25. Bf3 Rxb1+ 26. Qxb1 $18 {[%emt 0:00:03][%mdl 4096] Endgame KQB-KQB} Kf7 27. Qa1 Qd6 28. Bh5+ g6 29. Bf3 Qd4 30. Qa7 Kf6 $2 (30... Qd6 {keeps fighting.} 31. h4 h5) 31. e3 Qxd3 32. Qxc5 {[%emt 0:00:09] White wants to mate with Qf8+.} Kf7 {[%emt 0:00:31] Inhibits Qf8+.} 33. Qc7 Kf6 34. Qd8+ Kf7 35. h4 h5 (35... h6 $142 36. Kg2 Qd6) 36. Kh2 Qd2 37. Bg2 Qd6 38. c5 Qe7 39. Qh8 {[%emt 0:00:27] And now c6 would win.} Qxc5 40. Qh7+ Ke8 41. Qxg6+ Ke7 42. Qxh5 {[%emt 0:02:00] aiming for Qh7+.} Qe5 $2 (42... Qc2 43. Qg5+ Kf7 44. Qh5+ Kg7) 43. Qg5+ Qf6 44. Qxf6+ Kxf6 {[%emt 0:00:02] KB-KB} 45. f4 e5 46. Bf3 exf4 47. gxf4 {[%emt 0:00:27] White mates.} Be8 48. Kg3 Kg6 49. Kf2 Kf6 50. Ke2 Bg6 51. Kd3 Bf7 52. Kd4 Bg6 53. Kd5 Bf7+ 54. Kd6 Bc4 55. h5 Bb5 56. Bd5 Be2 57. h6 Kg6 58. Ke5 Kxh6 59. Kf6 Kh7 60. Be6 Bb5 61. Bxf5+ Kg8 62. Ke7 Kg7 63. Be6 {[%emt 0:00:12] Weighted Error Value: White=0.11 (very precise) /Black=0.45} 1-0